Map: Blackburn LE

Players

VarusElite

  • Race: Protoss Protoss

VOD

Have the link to the VOD?

Description

Time

  • Played on: Jan. 24, 2022, 6:20 p.m.
  • Length: 30:39
Show
View Real Time Build Order
Export as new Build Order

VarusElite Protoss 

Build Orders:  

Get SALT Encoding   

  12  0:02  Probe (Chrono Boost)  
  13  0:18  Pylon  
  13  0:27  Probe (Chrono Boost)  
  14  0:45  Gateway  
  15  0:50  Probe (Chrono Boost)  
  15  1:08  Assimilator  
  15  1:09  Probe (Chrono Boost)  
  16  1:21  Probe (Chrono Boost)  
  17  1:33  Probe (Chrono Boost)  
  18  1:49  Probe (Chrono Boost)  
  19  1:54  Cybernetics Core  
  19  2:02  Probe (Chrono Boost)  
  19  2:07  Pylon  
  20  2:13  Probe (Chrono Boost)  
  21  2:22  Assimilator  
  21  2:27  Probe (Chrono Boost)  
  22  2:45  Nexus  
  22  2:48  Probe (Chrono Boost)  
  23  3:01  Robotics Facility  
  23  3:15  Probe (Chrono Boost)  
  24  3:26  Probe (Chrono Boost)  
  25  3:39  Probe (Chrono Boost)  
  26  3:50  Pylon  
  26  3:56  Probe (Chrono Boost)  
  27  4:20  Robotics Bay  
  27  4:32  Probe (Chrono Boost)  
  28  4:43  Probe (Chrono Boost)  
  29  4:50  Pylon  
  29  4:56  Probe (Chrono Boost)  
  29  4:57  Forge  
  29  5:08  Pylon  
  29  5:13  Probe (Chrono Boost)  
  30  5:23  Probe (Chrono Boost)  
  30  5:29  Probe (Chrono Boost)  
  32  5:34  Robotics Facility  
  32  5:35  Probe (Chrono Boost)  
  32  5:36  Colossus  
  39  5:48  Probe (Chrono Boost)  
  40  6:05  Probe (Chrono Boost)  
  41  6:12  Photon Cannon  
  41  6:15  Photon Cannon  
  41  6:16  Photon Cannon  
  41  6:19  Photon Cannon  
  41  6:22  Probe (Chrono Boost)  
  41  6:23  Shield Battery  
  41  6:25  Shield Battery  
  41  6:29  Shield Battery  
  42  6:34  Probe (Chrono Boost)  
  42  6:39  Probe (Chrono Boost)  
  44  6:47  Colossus  
  51  6:51  Probe (Chrono Boost)  
  51  7:03  Forge  
  51  7:09  Colossus  
  57  7:23  Assimilator  
  57  7:30  Assimilator  
  57  7:40  Probe (Chrono Boost)  
  57  7:44  Probe (Chrono Boost)  
  59  7:52  Probe (Chrono Boost)  
  59  7:56  Probe (Chrono Boost)  
  61  8:04  Pylon  
  61  8:05  Probe (Chrono Boost)  
  62  8:10  Probe (Chrono Boost)  
  62  8:19  Stargate  
  63  8:20  Extended Thermal Lance  
  63  8:32  Warp Gate  
  63  8:38  Gateway  
  63  8:43  Gateway  
  63  8:47  Gateway  
  63  8:53  Stargate  
  63  8:56  Disruptor  
  66  9:24  Pylon  
  66  9:28  Observer  
  67  9:38  Void Ray  
  67  9:47  Void Ray  
  71  9:57  Protoss Ground Weapons Level 1  
  75  10:00  Observer  
  75  10:54  Void Ray x2  
  75  11:07  Zealot  
  85  11:16  Pylon  
  85  11:17  Protoss Air Weapons Level 1  
  85  11:31  Pylon  
  85  11:36  Pylon  
  85  11:55  Pylon  
  85  11:59  Pylon  
  85  12:03  Pylon  
  85  12:07  Pylon  
  85  12:11  Pylon  
  85  12:12  Pylon  
  85  12:14  Pylon  
  85  12:17  Void Ray x2  
  85  12:25  Fleet Beacon  
  93  12:37  Zealot x3  
  93  12:38  Zealot  
  101  13:08  Nexus  
  101  13:11  Assimilator  
  101  13:16  Assimilator  
  101  13:22  Pylon, Void Ray x2  
  101  13:26  Pylon  
  101  13:31  Pylon  
  101  13:34  Pylon  
  101  13:39  Unknown  
  81  14:44  Photon Cannon  
  81  14:47  Photon Cannon  
  81  14:51  Photon Cannon  
  81  14:52  Void Ray  
  81  14:53  Void Ray  
  81  14:54  Photon Cannon  
  81  14:56  Photon Cannon  
  81  15:00  Photon Cannon  
  89  15:19  Pylon  
  89  15:22  Pylon  
  89  15:47  Photon Cannon  
  89  15:51  Photon Cannon  
  89  15:53  Photon Cannon  
  89  15:57  Photon Cannon  
  89  15:58  Photon Cannon  
  89  16:03  Photon Cannon  
  89  16:05  Photon Cannon  
  89  16:25  Observer  
  89  16:29  Protoss Air Weapons Level 2  
  89  16:30  Shield Battery  
  89  16:31  Shield Battery  
  89  16:34  Shield Battery  
  89  16:38  Shield Battery  
  89  17:03  Twilight Council  
  89  17:30  Unknown  
  89  17:46  Stalker  
  89  17:47  Stalker x3  
  97  18:24  Protoss Ground Weapons Level 2  
  97  18:25  Nexus  
  97  18:30  Assimilator  
  97  18:36  Assimilator  
  97  18:38  Void Ray x2  
  105  19:01  Pylon  
  105  19:04  Pylon  
  105  19:07  Pylon  
  105  19:28  Templar Archives  
  105  19:33  Dark Shrine  
  105  19:44  Blink  
  105  19:50  Unknown  
  105  19:51  Zealot  
  105  19:52  Zealot  
  105  19:54  Sentry x2  
  113  20:29  Pylon  
  113  20:44  Protoss Air Weapons Level 3  
  78  21:55  Photon Cannon  
  78  21:57  Photon Cannon  
  78  22:01  Photon Cannon  
  78  22:04  Charge  
  78  22:05  Shield Battery  
  78  22:08  Shield Battery  
  78  22:12  Shield Battery  
  78  22:15  Void Ray  
  78  22:16  Void Ray  
  78  22:20  Nexus  
  86  22:52  Dark Templar x4  
  94  23:07  Void Ray  
  94  23:08  Void Ray  
  94  23:13  Protoss Ground Weapons Level 3  
  94  23:14  Pylon  
  102  23:22  Assimilator  
  102  23:32  Pylon  
  102  23:35  Pylon  
  102  24:28  Void Ray x2  
  104  24:43  Dark Templar  
  104  24:44  Protoss Air Armor Level 1  
  102  25:20  Void Ray x2  
  88  26:12  Void Ray x2  
  96  26:33  Nexus  
  96  26:37  Assimilator  
  96  26:43  Assimilator  
  96  26:55  Zealot x3  
  96  26:56  Zealot  
  104  27:04  Void Ray x2  
  112  27:56  Void Ray  
  52  28:57  Zealot x2  
  52  28:58  Zealot x2  
  52  29:10  Void Ray x2  
Tags
 
Add a new tag
Caveats
  • Supply blocks, unpowered buildings, or Contaminate may cause inaccurate times.
  • Supply counts are checked every 10 seconds.